 Dungeon Crawl Stone Soup version 0.27-a0-1456-gf5a116941d (webtiles) character file.

Game seed: 3297322849689132384

340 Delamore the Twirler (level 6, -1/76 HPs)
             Began as a Formicid Fighter on July 6, 2021.
             Succumbed to Edmund's poison
             ... on level 3 of the Dungeon.
             The game lasted 00:04:43 (4231 turns).

Delamore the Twirler (Formicid Fighter)             Turns: 4231, Time: 00:04:43

Health: -1/76      AC: 23    Str: 22    XL:     6   Next: 86%
Magic:  6/6        EV:  2    Int:  8    God:
Gold:   191        SH: 10    Dex: 16    Spells: 5/5 levels left

rFire    . . .     SeeInvis .   f - +2 dagger (venom)
rCold    . . .     Faith    .   c - +0 kite shield
rNeg     + + +     Spirit   .   (armour currently unavailable)
rPois    +         Reflect  .   (helmet unavailable)
rElec    .         Harm     .   (cloak currently unavailable)
rCorr    .         Rampage  .   (gloves currently unavailable)
Will     .....                  (boots currently unavailable)
Stlth    +.........             (no amulet)
HPRegen  0.22/turn              e - +6 ring of dexterity
MPRegen  0.10/turn              (no ring)

@: lethally poisoned (-1 -> -12), tree-form
A: stationary, stasis, torment immunity, boosted hp, permanent stasis, dig
shafts and tunnels, (antennae 3), four strong arms
a: no special abilities


You were on level 3 of the Dungeon.
You were a tree.
You visited 1 branch of the dungeon, and saw 4 of its levels.

You collected 219 gold pieces.
You spent 28 gold pieces at shops.

Inventory:

Hand Weapons
 a - a +0 quarterstaff of flaming
 f - a +2 dagger of venom (weapon)
Armour
 b - a +0 scale mail
 c - a +0 kite shield (worn)
 h - a scarf of invisibility (melded)
 i - a +0 chain mail (melded)
 l - a +0 cloak
 o - a +0 pair of boots (melded)
Jewellery
 e - a +6 ring of dexterity (left branch)
Wands
 j - a wand of iceblast (9)
Scrolls
 n - a scroll of identify
Potions
 g - 2 potions of might


   Skills:
 - Level 5.0 Fighting
 * Level 5.6 Staves
 - Level 3.2 Armour
 - Level 3.6 Shields
 + Level 1.2 Evocations


You had 5 spell levels left.
You didn't know any spells.
Your spell library contained the following spells:

 Spells                   Type           Power      Damage    Failure   Level
 Beastly Appendage        Tmut           0%         N/A       80%         1
 Static Discharge         Conj/Air       0%         N/A       91%         2
 Wereblood                Tmut           0%         N/A       91%         2
 Spider Form              Tmut/Pois      0%         N/A       99%         3
 Dispel Undead            Necr           0%         3d6       100%        4
 Passage of Golubria      Tloc           N/A        N/A       100%        4
 Sticky Flame             Conj/Fire      0%         2d3       100%        4
 Silence                  Hex/Air        0%         N/A       100%        5
 Lehudib's Crystal Spear  Conj/Erth      0%         10d2      100%        8


Dungeon Overview and Level Annotations

Branches:
Dungeon (4/15)
 Temple: D:4-7

Altars:
Ashenzari

Shops:
D:4 ?

Annotations:
D:3 Edmund


Innate Abilities, Weirdness & Mutations

You are a tree.
Your roots penetrate the ground, keeping you stationary.
You cannot be teleported.
You are immune to unholy pain and torment.
Your maximum health is greatly increased.
Your equipment is partially melded.
You cannot be hasted, slowed, berserked, paralysed or teleported.
You can dig through walls and to a lower floor.
((You have a pair of large antennae on your head. (SInv)))
Your four strong arms can wield two-handed weapons with a shield.


Message History

You closely miss Edmund.
You feel sick.
Edmund clears his throat.
Edmund hits you with a +0 dire flail of venom.
You hit Edmund but do no damage.
Edmund is poisoned.
You feel sick.
Edmund hits you with a +0 dire flail of venom.
You are more poisoned.
Edmund hits you with a +0 dire flail of venom!
* * * LOW HITPOINT WARNING * * *
You are more poisoned.
You are too injured to fight recklessly!
You are too injured to fight recklessly!
You are too injured to fight recklessly!
You are too injured to fight recklessly!
You are too injured to fight recklessly!
* * * LOW HITPOINT WARNING * * *
You feel extremely sick.
It was a potion of lignification.
You turn into a tree.
Your scarf of invisibility melds into your body.
Your +0 pair of boots melds into your body.
Your +0 chain mail melds into your body.
Your roots penetrate the ground.
* * * LOW HITPOINT WARNING * * *
You feel very sick. Edmund hits you but does no damage.
It was a potion of haste.
Your stasis prevents you from being hasted.
* * * LOW HITPOINT WARNING * * *
You feel very sick. You block Edmund's attack.
As you read the scroll labelled MOISHO HUGOENN, it crumbles to dust.
It is a scroll of brand weapon.
Your +0 quarterstaff is engulfed in flames!
a - a +0 quarterstaff of flaming
* * * LOW HITPOINT WARNING * * *
You feel very sick. Edmund barely misses you.
Okay, then.
You completely miss Edmund.
Edmund is lightly wounded.
You die...

#.#............####.#####
#.#........##.....#.....#
#.###########...#.#####.#
#......######...#.# #.#
######.#....##..#_#####.#
.....#.#....##..#.....#.#
.....#.#.........####.#.#
.....#.#..........#.#.#.#
.....#.#.....###♣.#.#.#.########
.....#.#.....#
#@>#...#........##
...###.#.....#
##.#..##.######..# ####
#.......# ####.#### ##.#
###.....# #.# #.# #####..# #.#
#.# #......# #.# #.# #.####.##
#.# #.# #.# #..# #.# #.#


You could see Edmund (very poisoned).

Vanquished Creatures
  Sigmund (D:2)
  Terence (D:2)
  Robin (D:3)
  5 adders
  3 worms
  A dart slug (D:1)
  9 endoplasms
  3 giant cockroaches
  20 goblins
  9 hobgoblins
  11 jackals
  2 quokkas
  4 ball pythons
  7 bats
  3 frilled lizards
  3 kobolds
  10 rats
93 creatures vanquished.

Notes
Turn   | Place    | Note
-------+----------+-------------------------------------------
     0 | D:1      | Delamore the Formicid Fighter began the quest for the Orb.
     0 | D:1      | Reached XP level 1. HP: 18/18 MP: 1/1
     6 | D:1      | Noticed a black bear
     6 | D:1      | Noticed a water moccasin
     6 | D:1      | Noticed a redback
     6 | D:1      | Noticed a snapping turtle
     6 | D:1      | Noticed a hound
    42 | D:1      | Reached XP level 2. HP: 2/24 MP: 2/2
   542 | D:1      | Reached XP level 3. HP: 24/30 MP: 3/3
  1108 | D:2      | Noticed Sigmund
  1128 | D:2      | Killed Sigmund
  1129 | D:2      | Reached XP level 4. HP: 9/38 MP: 4/4
  1129 | D:2      | Reached XP level 5. HP: 10/43 MP: 5/5
  1525 | D:2      | Reached XP level 6. HP: 49/49 MP: 6/6
  1692 | D:2      | You fall into a shaft and drop 1 floor!
  2037 | D:3      | Found a faded altar of an unknown god.
  2054 | D:3      | Reached skill level 5 in Staves
  2263 | D:2      | Noticed Terence
  2285 | D:2      | Killed Terence
  2540 | D:2      | Found a broken altar of Ashenzari.
  2721 | D:3      | Reached skill level 5 in Fighting
  3194 | D:3      | Noticed Robin
  3268 | D:3      | Killed Robin
  3881 | D:3      | Reached skill level 1 in Evocations
  4119 | D:4      | Found Cytomad's Magic Scroll Shoppe.
  4144 | D:4      | Bought a scroll of identify for 28 gold pieces
  4216 | D:4      | Noticed Edmund
  4230 | D:3      | HP: 1/76 [poisoned by Edmund]
  4231 | D:3      | Succumbed to Edmund's poison

Illustrated notes

Levels and vault maps discovered:
D:1:      onia_arrival_zoo_common, layout_rooms
D:2:      layout_basic, basic_altar, serial_bayou_pond_a, due_unseen_surprise,
          uniq_sigmund, uniq_terence
D:3:      kennysheep_goblin_castle, layout_basic, basic_ecumenical_altar,
          serial_co_window_serial, co_window_corner_a, co_window_paths_a,
          co_window_paths_a, co_window_corner_a, co_window_of_opportunity_a,
          co_window_corner_b, co_window_broadway_c, co_window_of_opportunity_c,
          co_window_corner_b, co_window_4corner_b, co_window_paths_d,
          glass_columns_b, grunt_ministairs_9
D:4:      layout_cave_pools, serial_shops, shop, shop, uniq_edmund

Skill      XL: |  1  2  3  4  5  6 |
---------------+-------------------+-----
Staves         | 4 5 |  5.6
Fighting       | 4 5 |  5.0
Evocations     | 1 |  1.2
Armour         | |  3.2
Shields        | |  3.6

Action                   |  1- 3 |  4- 6 || total
-------------------------+-------+-------++-------
Melee: Quarterstaff      |    99 |   145 ||   244
       Dagger            |       |    49 ||    49
 Abil: Dig               |     3 |     7 ||    10
  Use: Potion            |     1 |     2 ||     3
       Scroll            |       |     5 ||     5
Armor: Scale mail        |    55 |    34 ||    89
       Chain mail        |       |    94 ||    94
       Skin              |       |     1 ||     1
Dodge: Dodged            |    48 |    50 ||    98
Block: Kite shield       |    63 |   132 ||   195

Table legend: (Time is in decaauts)
 A = Elapsed time spent in this place.
 B = Non-inter-level travel time spent in this place.
 C = Inter-level travel time spent in this place.
 D = Time resting spent in this place.
 E = Time spent auto-exploring this place.
 F = Levels seen in this place.
 G = Mean time per level.
                   A        B        C        D        E       F      G
               +--------+--------+--------+--------+--------+-----+--------+
         Total |   4325 |   4144 |    181 |    761 |   2627 |   4 | 1081.2 |
       Dungeon |   4325 |   4144 |    181 |    761 |   2627 |   4 | 1081.2 |
               +--------+--------+--------+--------+--------+-----+--------+

Top non-repeatable levels by time:
     D:3: 2024 daAuts
     D:1: 1106 daAuts
     D:2: 1085 daAuts
     D:4: 108 daAuts
